 Dungeon Crawl Stone Soup version 0.29.1-15-g9cfb28693d (webtiles) character file.

Game seed: 9478284479516062960

38694 firemarshallily the Warrior (level 13, -1/210 HPs)
             Began as a Minotaur Fighter on Mar 9, 2023.
             Was an Elder of Ashenzari.
             Slain by a hornet (5 damage)
             ... on level 5 of the Lair of Beasts.
             The game lasted 00:54:45 (19063 turns).

firemarshallily the Warrior (Minotaur Fighter)     Turns: 19063, Time: 00:54:46

Health: -1/210     AC: 26    Str: 31    XL:     13   Next: 65%
Magic:  0/12       EV:  2    Int:  5    God:    Ashenzari [****..]
Gold:   1228       SH:  5    Dex: 11    Spells: 12/12 levels left

rFire   . . .      SeeInvis +   a - +4 flail "Shackled With Me" {vamp, Self, Fort} (curse)
rCold   . . .      Faith    .   c - +0 buckler "Share My Inaction" {Melee, Comp} (curse)
rNeg    . . .      Spirit   +   (body armour currently unavailable)
rPois   +          Reflect  .   (helmet currently unavailable)
rElec   .          Harm     .   (cloak currently unavailable)
rCorr   .          Rampage  .   (gloves currently unavailable)
Will    .....      Clarity  +   (boots currently unavailable)
Stlth   +......... NoTele   +   v - amulet of guardian spirit
HPRegen 0.45/turn               o - ring of poison resistance
MPRegen 0.13/turn               h - +6 ring of strength

@: tree-form
A: stationary, stasis, torment immunity, boosted hp, (horns 2), (retaliatory
headbutt)
a: Renounce Religion, Curse Item, Shatter the Chains


You were on level 5 of the Lair of Beasts.
You worshipped Ashenzari.
Ashenzari was greatly pleased with you.
You were a tree.
You visited 3 branches of the dungeon, and saw 17 of its levels.
You also visited: Volcano.

You collected 1423 gold pieces.
You spent 195 gold pieces at shops.

Inventory:

Hand Weapons
 a - the cursed +4 flail "Shackled With Me" (weapon) {vamp, Self, Fort}

   It occasionally heals its wielder for a portion of the damage dealt when it
   wounds a living foe.
   It has a curse which improves the following skills: Introspection: Fighting
   and Spellcasting.
   Fortitude: Armour and Shields.
Missiles
 w - 5 atropa-tipped darts
 x - 23 poisoned darts (quivered)
 F - 13 boomerangs
Armour
 b - a +0 scale mail
 c - the cursed +0 buckler "Share My Inaction" (worn) {Melee, Comp}

   It has a curse which improves the following skills: Melee Combat: Short
   Blades, Long Blades, Axes, Maces & Flails, Polearms, Staves and Unarmed
   Combat.
   Companions: Summonings and Necromancy.
 q - the cursed +0 cloak of Ashenzari's Affliction (melded) {Fort, Range}
   (You found it on level 2 of the Dungeon)

   It has a curse which improves the following skills: Fortitude: Armour and
   Shields.
   Ranged Combat: Ranged Weapons and Throwing.
 s - the cursed +2 pair of gloves of the Chained Portent (melded) {Range, Cun}
   (You found it on level 2 of the Dungeon)

   It has a curse which improves the following skills: Ranged Combat: Ranged
   Weapons and Throwing.
   Cunning:   Dodging and Stealth.
 C - +0 steam dragon scales
 D - a +0 kite shield
 E - the cursed +2 hat of the Chained Anarchy (melded) {Melee, Evo}
   (You found it on level 5 of the Dungeon)

   It has a curse which improves the following skills: Melee Combat: Short
   Blades, Long Blades, Axes, Maces & Flails, Polearms, Staves and Unarmed
   Combat.
   Evocations: Evocations.
 H - a +1 chain mail of cold resistance (melded)
 U - the cursed +0 pair of boots of Ashenzari's Black Moon (melded) {Cun, Melee}
   (You found it on level 3 of the Lair of Beasts)

   It has a curse which improves the following skills: Cunning: Dodging and
   Stealth.
   Melee Combat: Short Blades, Long Blades, Axes, Maces & Flails, Polearms,
   Staves and Unarmed Combat.
Jewellery
 h - a +6 ring of strength (right branch)
 o - a ring of poison resistance (left branch)
 v - an amulet of guardian spirit (around neck)
 y - a ring of see invisible
 L - a ring of wizardry
 S - a +4 ring of evasion
Wands
 z - a wand of roots (30)
 A - a wand of paralysis (13)
 I - a wand of flame (16)
 K - a wand of polymorph (6)
 M - a wand of mindburst (12)
 N - a wand of acid (6)
Scrolls
 d - a scroll of silence
 e - 5 scrolls of teleportation
 k - 2 scrolls of brand weapon
 l - 3 scrolls of magic mapping
 n - 5 scrolls of vulnerability
 r - 4 scrolls of amnesia
 u - 2 scrolls of immolation
 B - 3 scrolls of fog
 P - 3 scrolls of summoning
 Q - 2 scrolls of enchant weapon
 V - 2 scrolls of blinking
Potions
 f - 2 potions of mutation
 g - 3 potions of curing
 i - a potion of haste
 j - 2 potions of resistance
 m - 3 potions of flight
 p - 3 potions of ambrosia
 t - 4 potions of lignification
 G - a potion of magic
 J - 3 potions of cancellation
 R - a potion of might
 T - a potion of invisibility
 W - a potion of brilliance
Miscellaneous
 O - a tin of tremorstones (2/2)


   Skills:
 * Level 18.7(20.5) Fighting
 - Level 12.7(14.6) Maces & Flails
 + Level 8.4 Throwing
 + Level 13.8(15.7) Armour
 - Level 5.2(7.1) Shields
 - Level 2.2 Evocations


You had 12 spell levels left.
You didn't know any spells.
Your spell library contained the following spells:

 Spells                   Type           Power      Damage    Failure   Level
 Necrotise                Necr           0%         1d4       52%         1
 Blink                    Tloc           0%         N/A       69%         2
 Static Discharge         Conj/Air       0%         3-3/arc   69%         2
 Vampiric Draining        Necr           0%         2d6       87%         3
 Portal Projectile        Hex/Tloc       0%         N/A       89%         3
 Tukima's Dance           Hex            0%         N/A       89%         3
 Dispel Undead            Necr           0%         3d6       99%         4
 Leda's Liquefaction      Hex/Erth       0%         N/A       100%        4
 Sticky Flame             Conj/Fire      0%         2d3       100%        4
 Agony                    Necr           0%         N/A       100%        5
 Blade Hands              Tmut           0%         N/A       100%        5
 Lee's Rapid Deconstruct  Erth           0%         3d5*      100%        5
 Manifold Assault         Tloc           0%         N/A       100%        5
 Statue Form              Tmut/Erth      0%         N/A       100%        6
 Storm Form               Tmut/Air       0%         N/A       100%        7


Dungeon Overview and Level Annotations

Branches:
Dungeon (11/15)            Temple (1/1) D:5            Lair (5/5) D:11
 Shoals (0/4) Lair:2       Spider (0/4) Lair:2        Slime (0/5) Lair:4
    Orc (0/2) D:9         Volcano (visited)

Altars:
Ashenzari
Cheibriados
Dithmenos
Elyvilon
Fedhas
Gozag
Hepliaklqana
Kikubaaqudgha
Makhleb
Nemelex Xobeh
Okawaru
Qazlal
Ru
Sif Muna
Trog
Uskayaw
Vehumet
Wu Jian
Xom
Yredelemnul
Zin
The Shining One

Shops:
D:1 =

Annotations:
D:7 exclusion: obsidian statue
Lair:5 1 runed translucent door


Innate Abilities, Weirdness & Mutations

You are a tree.
Your roots penetrate the ground, keeping you stationary.
You cannot be teleported.
You are immune to unholy pain and torment.
Your maximum health is greatly increased.
Your equipment is partially melded.
((You have a pair of horns on your head.))
((You reflexively headbutt those who attack you in melee.))


Message History

The hornet stings you but does no damage. x2
The hornet stings you.
* * * LOW HITPOINT WARNING * * *
You swing at nothing.
You feel sick.
The hornet stings you but does no damage. x6
The hornet stings you.
* * * LOW HITPOINT WARNING * * *
The hornet completely misses you.
Unknown command.
You barely miss the hornet.
The hornet is almost dead.
You feel less invigorated.
You feel yourself speed up.
You feel less confused.
You feel sick.
The hornet stings you but does no damage. x2
You block the hornet's attack. The hornet stings you!
* * * LOW HITPOINT WARNING * * *
You feel yourself slow down.
The hornet stings you but does no damage. x4
Unknown command.
You closely miss the hornet.
The hornet is almost dead.
You feel sick.
The hornet stings you but does no damage.
You block the hornet's attack.
The hornet stings you but does no damage.
The hornet barely misses you.
The hornet stings you but does no damage.
The hornet completely misses you.
You feel better.
You feel yourself speed up. The hornet stings you.
* * * LOW HITPOINT WARNING * * *
The hornet barely misses you.
The hornet stings you but does no damage.
The hornet stings you!
* * * LOW HITPOINT WARNING * * *
The hornet stings you but does no damage. x2
The hornet stings you!
You die...

* , * #.PP... * , ,
,,.....* ##....). *
, , * * ,...:#*
####...#. ** #,..PP,
###.P#..# , ***
##.#..P ##..##### *
#.#...** #....###
**,..####...#
###..####
......yy####
###..### *
#.....♣.#### ##...##
,, #.#.Pyy..#.###
##...# *, ,
,*#.###....######
###... ** , #
##.....######.##†8 ,
* #..#.....#####...#
*
P....###....#.#....#
**, ,, .....##
##........### * *
,,.####* ####.P.##.#
* * #########


You could see 4 hornets.

Vanquished Creatures
  Josephine (D:10)
  A catoblepas (Lair:5)
  3 hydras
  Erica (D:10)
  6 two-headed ogres
  A skeletal warrior (D:7)
  2 lindwurms
  Maurice (D:9)
  9 elephants (Lair:3)
  4 black mambas
  A merfolk siren (Lair:2)
  4 torpor snails
  9 cane toads
  2 gargoyles
  3 komodo dragons
  A troll (D:9)
  A queen bee (Lair:1)
  21 blink frogs
  3 polar bears
  Grinder (D:5)
  3 hornets
  3 dream sheep
  A jumping spider (Lair:2)
  10 wraiths
  25 yaks
  A shadow (D:11)
  4 wyverns
  3 basilisks
  A steam dragon (D:9)
  3 redbacks (Lair:2)
  11 water moccasins
  An ice beast (D:5)
  A sky beast (D:8)
  2 black bears
  6 orc warriors
  2 ogres
  3 wolves (Lair:5)
  2 centaurs (D:7)
  A kobold brigand (D:11)
  3 phantoms
  10 bullfrogs
  A gnoll sergeant (D:9)
  A necrophage (D:4)
  2 scorpions (D:4)
  38 killer bees
  4 howler monkeys
  5 electric eels (D:7)
  A crimson imp (D:9)
  A jelly (D:8)
  A hound (D:6)
  5 orc priests
  2 gnoll boudas
  4 iguanas
  14 orc wizards
  7 adders
  11 gnolls
  2 shadow imps
  A white imp (D:6)
  3 worms
  A dart slug (D:5)
  50 orcs
  4 bats
  6 endoplasms
  3 giant cockroaches
  4 hobgoblins
  13 kobolds
  4 quokkas
  13 ball pythons
  A frilled lizard (D:1)
  6 goblins
  9 rats
  A spectral orc (D:3)
389 creatures vanquished.

Vanquished Creatures (others)
  A bush (Lair:5)
  12 fungi
  18 plants
31 creatures vanquished.

Grand Total: 420 creatures vanquished

Notes
Turn   | Place    | Note
-------+----------+-------------------------------------------
     0 | D:1      | firemarshallily the Minotaur Fighter began the quest for
                  | the Orb.
     0 | D:1      | Reached XP level 1. HP: 19/19 MP: 0/0
   250 | D:1      | Reached XP level 2. HP: 27/27 MP: 1/1
   477 | D:1      | Reached skill level 4 in Fighting
   698 | D:1      | You fall into a shaft and drop 1 floor!
   867 | D:1      | Reached XP level 3. HP: 33/33 MP: 2/2
  1023 | D:1      | Found Yfiteed's Jewellery Boutique.
  1336 | D:2      | Found a faded altar of an unknown god.
  1549 | D:2      | Reached XP level 4. HP: 41/41 MP: 3/3
  2139 | D:3      | Found a basalt altar of Yredelemnul.
  2274 | D:3      | Found a blossoming altar of Fedhas.
  2368 | D:3      | Found a shimmering blue altar of Sif Muna.
  2370 | D:3      | Found an ancient bone altar of Kikubaaqudgha.
  2839 | D:4      | Reached XP level 5. HP: 32/47 MP: 4/4
  3123 | D:4      | Reached skill level 5 in Fighting
  3316 | D:1      | Bought a ring of see invisible for 195 gold pieces
  3410 | D:4      | Reached skill level 5 in Shields
  3465 | D:4      | Reached XP level 6. HP: 55/56 MP: 5/5
  3586 | D:4      | Reached skill level 5 in Maces & Flails
  3961 | D:5      | Entered Level 5 of the Dungeon
  3961 | D:5      | Noticed Grinder
  3971 | D:4      | Reached skill level 6 in Fighting
  3971 | D:4      | Reached skill level 5 in Armour
  4087 | D:5      | Paralysed by Grinder for 2 turns
  4097 | D:5      | Noticed a hornet
  4098 | D:5      | Reached XP level 7. HP: 26/64 MP: 6/6
  4098 | D:5      | Killed Grinder
  4103 | D:5      | Killed a hornet
  4104 | D:5      | Reached skill level 7 in Fighting
  4376 | D:5      | Reached XP level 8. HP: 55/73 MP: 7/7
  4486 | D:5      | Found a sacrificial altar of Ru.
  4489 | D:5      | Found a hide-covered altar of Uskayaw.
  4698 | D:5      | Found a staircase to the Ecumenical Temple.
  4711 | D:5      | Reached skill level 8 in Fighting
  4770 | Temple   | Entered the Ecumenical Temple
  4847 | Temple   | Became a worshipper of Ashenzari the Shackled
  5901 | D:6      | Reached skill level 9 in Fighting
  6441 | D:7      | Reached XP level 9. HP: 68/83 MP: 8/8
  6666 | D:7      | Reached skill level 10 in Fighting
  7006 | D:7      | Found a white marble altar of Elyvilon.
  8072 | D:7      | Reached skill level 10 in Maces & Flails
  8873 | D:8      | Reached skill level 11 in Fighting
  8920 | D:8      | Noticed a skeletal warrior
  9639 | D:7      | Killed a skeletal warrior
  9640 | D:7      | Reached XP level 10. HP: 89/96 MP: 9/9
  9866 | D:7      | Noticed an obsidian statue
 10146 | D:8      | Found the +5 scythe "Finisher" {speed, eviscerate}
 10408 | D:9      | Reached * piety under Ashenzari
 10882 | D:9      | Reached skill level 12 in Fighting
 10926 | D:9      | Found a burning altar of Makhleb.
 10927 | D:9      | Found a radiant altar of Vehumet.
 10974 | D:9      | Noticed an eight-headed hydra
 10980 | D:9      | Killed an eight-headed hydra
 11117 | D:9      | Noticed Maurice
 11133 | D:9      | Killed Maurice
 11239 | D:9      | Noticed a two-headed ogre
 11247 | D:9      | Killed a two-headed ogre
 11429 | D:9      | Reached skill level 13 in Fighting
 11456 | D:9      | Found a staircase to the Orcish Mines.
 11566 | D:10     | Entered Level 10 of the Dungeon
 11583 | D:10     | Noticed a gargoyle
 11595 | D:10     | Reached XP level 11. HP: 107/107 MP: 10/10
 11676 | D:10     | Noticed Erica
 11693 | D:10     | Killed Erica
 11694 | D:10     | Reached skill level 1 in Evocations
 11760 | D:10     | Reached skill level 1 in Throwing
 11941 | D:10     | Noticed Josephine
 11947 | D:10     | Reached skill level 10 in Armour
 11958 | D:10     | Killed Josephine
 12094 | D:10     | Identified the +0 falchion "Syri" {vorpal, rPois rF+ rCorr}
 12522 | D:11     | Noticed a two-headed ogre
 12589 | D:10     | Killed a two-headed ogre
 12590 | D:10     | Reached skill level 14 in Fighting
 13120 | D:11     | Found a staircase to the Lair.
 13282 | Lair:1   | Entered Level 1 of the Lair of Beasts
 13355 | Lair:1   | Found a dark tunnel.
 13356 | Lair:1   | Noticed a lindwurm
 13363 | Lair:1   | Killed a lindwurm
 13403 | Volcano  | Entered a volcano
 13404 | Volcano  | Noticed a two-headed ogre
 13409 | Volcano  | Noticed a two-headed ogre
 13410 | Volcano  | Killed a two-headed ogre
 13413 | Volcano  | Noticed a two-headed ogre
 13428 | Volcano  | Noticed a two-headed ogre
 13431 | Volcano  | Killed a two-headed ogre
 13434 | Volcano  | Killed a two-headed ogre
 13434 | Volcano  | Noticed a two-headed ogre
 13435 | Volcano  | Reached skill level 15 in Fighting
 13435 | Volcano  | Noticed a two-headed ogre
 13447 | Volcano  | Killed a two-headed ogre
 13448 | Volcano  | Reached XP level 12. HP: 35/121 MP: 11/11
 13452 | Volcano  | Noticed a red draconian
 13452 | Volcano  | Noticed a two-headed ogre
 13957 | Lair:1   | Identified the +0 leather armour of Xoxeyg {Harm}
 14535 | Lair:1   | Reached skill level 5 in Throwing
 14802 | Lair:2   | Found a staircase to the Shoals.
 14924 | Lair:2   | Reached skill level 16 in Fighting
 15157 | Lair:2   | Reached ** piety under Ashenzari
 15244 | Lair:2   | Found a hole to the Spider Nest.
 16152 | Lair:3   | Reached skill level 17 in Fighting
 16517 | Lair:3   | Reached XP level 13. HP: 117/136 MP: 9/12
 17006 | Lair:3   | Reached *** piety under Ashenzari
 17764 | Lair:4   | Found a staircase to the Slime Pits.
 17853 | Lair:4   | Reached **** piety under Ashenzari
 17887 | Lair:4   | Found an ornate altar of the Wu Jian Council.
 18234 | Lair:5   | Entered Level 5 of the Lair of Beasts
 18298 | Lair:5   | Reached skill level 18 in Fighting
 18975 | Lair:5   | Found a runed translucent door.
 19045 | Lair:5   | Paralysed by a hornet for 3 turns
 19051 | Lair:5   | Paralysed by a hornet for 1 turns
 19059 | Lair:5   | HP: 10/210 [hornet (1)]
 19063 | Lair:5   | HP: 4/210 [hornet (8)]
 19063 | Lair:5   | Slain by a hornet

Illustrated notes

Levels and vault maps discovered:
D:1:      minmay_arrival_three_doors, layout_loops_corners, serial_shops, shop,
          serial_forest, infiniplex_forest_lined_room_3,
          infiniplex_forest_clump_curved, infiniplex_forest_corner_1,
          infiniplex_forest_clump_cross, infiniplex_forest_corner_1,
          infiniplex_forest_zigzag_1
D:2:      layout_loops_ring, hellmonk_ecumenical_altar_leap_of_faith
D:3:      layout_loops_cross, yredelemnul_forgotten_temple_becter,
          mainiacjoe_overflow_catwalk, nicolae_overflow_hidden_temple
D:4:      minmay_opposing_rooms, layout_loops_corners
D:5:      layout_loops_ring, nicolae_overflow_squiral,
          minmay_temple_entry_antechambers, minmay_door_square, st_stairs_11,
          uniq_grinder
D:6:      layout_loops_ring
D:7:      statuecave_lemuel, layout_basic, kennysheep_little_box,
          kennysheep_boxes
D:8:      layout_cave_pools, minmay_guarded_unrand_finisher
D:9:      layout_roguey, grunt_temple_overflow_lords_of_destruction,
          hiddenorc1_lemuel, uniq_maurice
D:10:     layout_loops_corners, uniq_erica, uniq_josephine
D:11:     layout_cross, lair_entry_dummy
Temple:   nicolae_temple_figure_eight
Lair:1:   layout_roguey [special_room_bee], nicolae_volcano_entry_vermiform
Lair:2:   layout_roguey, minmay_shoals_entry_lonely_mermaid,
          spider_nest_entry_funnel_web, st_stairs_12
Lair:3:   layout_gridlike
Lair:4:   layout_gridlike, slime_entry_1, basic_altar, serial_bayou_shore_b
Lair:5:   wormcave, layout_gridlike

Skill      XL: |  1  2  3  4  5  6  7  8  9 10 11 12 13 |
---------------+----------------------------------------+-----
Fighting       | 4 5 6 7 9 11 13 15 17 18 | 18.7
Maces & Flails | 3 4 5 7 9 11 12 | 12.7
Shields        | 4 5 |  5.2
Armour         | 4 5 7 8 9 11 12 13 | 13.8
Evocations     | 2 |  2.2
Throwing       | 4 7 8 |  8.4

Action                   |  1- 3 |  4- 6 |  7- 9 | 10-12 | 13-15 || total
-------------------------+-------+-------+-------+-------+-------++-------
Melee: Flail             |    85 |   130 |   282 |   588 |   258 ||  1343
       Headbutt          |    11 |    13 |    39 |   148 |    65 ||   276
Throw: Dart              |       |       |     1 |    20 |       ||    21
       Boomerang         |       |       |       |     2 |       ||     2
Invok: Curse Item        |       |       |     1 |     3 |     2 ||     6
Evoke: Wand              |       |       |     2 |     4 |       ||     6
  Use: Potion            |       |     1 |     5 |     9 |     5 ||    20
       Scroll            |       |       |    21 |     4 |     1 ||    26
 Stab: Petrified         |       |       |       |       |     1 ||     1
Armor: Scale mail        |    34 |    72 |   117 |   347 |    99 ||   669
       Skin              |       |       |     4 |       |    61 ||    65
       Chain mail        |       |       |       |       |    50 ||    50
Dodge: Dodged            |    35 |    67 |   107 |   275 |   127 ||   611
Block: Buckler           |    14 |    27 |    57 |   146 |    54 ||   298
